 Dungeon Crawl Stone Soup version 0.31-a0-360-gb3e1d13bf4 (webtiles) character file.

Game seed: 5195677166619153501

19359 Shard1697 the Basher (level 12, -2/169 HPs)
             Began as an Armataur Gladiator on July 26, 2023.
             Was a Follower of Yredelemnul.
             Slain by a large abomination (19 damage)
             ... in a Gauntlet.
             The game lasted 00:21:55 (13832 turns).

Shard1697 the Basher (Armataur Gladiator)          Turns: 13832, Time: 00:21:56

Health: -2/169     AC: 13    Str: 26    XL:     12   Next: 35%
Magic:  4/4        EV:  7    Int: 10    God:    Yredelemnul [*.....]
Gold:   410        SH:  5    Dex: 13    Spells: 11/11 levels left

rFire   + . .        a - +5 morningstar "Momeask" {antimagic, *Corrode rN+ Str+4}
rCold   . . .        j - +0 buckler
rNeg    + + .        f - +0 chain mail
rPois   +            c - +0 helmet
rElec   .            F - +0 cloak {rPois}
rCorr   .            (no gloves)
SInv    .            (no barding)
Will    .....        (no amulet) Stlth
                     q - ring of positive energy
HPRegen 0.48/turn    d - ring of protection from fire
MPRegen 0.09/turn

%: no teleportation, corrode self (3%), roll
@: berserking, very quick
A: large, rugged brown scales 3, deformed body, armoured tail, roll, long
tongue, awkward tongue
a: Renounce Religion, Recall Undead Harvest


You were in a Gauntlet.
You worshipped Yredelemnul.
Yredelemnul was noncommittal.
You visited 1 branch of the dungeon, and saw 11 of its levels.
You also visited: Gauntlet.

You collected 590 gold pieces.
You spent 180 gold pieces at shops.

Inventory:

Hand Weapons
 a - the +5 morningstar "Momeask" (weapon) {antimagic, *Corrode rN+ Str+4}
   (You bought it in a shop on level 1 of the Dungeon)

   Str:       It affects your strength (+4).
   rN:        It protects you from negative energy.
   *Corrode:  It may corrode you when you take damage.
 b - a +0 broad axe of venom
 h - a +2 morningstar of freezing
Missiles
 m - 5 throwing nets (quivered)
 o - 3 javelins
Armour
 c - a +0 helmet (worn)
 f - a +0 chain mail (worn)
 j - a +0 buckler (worn)
 x - a +0 leather armour of positive energy
 F - a +0 cloak of poison resistance (worn)
 H - the orb of Supple Strength {*channel, Drain rPois Slay+3}
   (You found it on level 6 of the Dungeon)

   Slay:      It affects your accuracy & damage with ranged weapons and melee
   (+3).
   rPois:     It protects you from poison.
   Drain:     It drains your maximum health when unequipped.
Jewellery
 d - a ring of protection from fire (right hand)
 q - a ring of positive energy (left hand)
 t - an amulet of guardian spirit
 y - a ring of flight
Wands
 l - a wand of light (6)
 p - a wand of polymorph (8)
 w - a wand of flame (16)
Scrolls
 g - 4 scrolls of revelation
 i - 2 scrolls of teleportation
 s - a scroll of poison
 u - 3 scrolls of blinking
 v - a scroll of fog
 D - 3 scrolls of silence {unknown}
 G - a scroll of amnesia
Potions
 e - a potion of curing
 k - 2 potions of lignification
 n - 2 potions of brilliance {unknown}
 r - a potion of ambrosia
 z - a potion of haste
 A - a potion of mutation
 B - 2 potions of attraction {unknown}
 C - a potion of cancellation
 E - a potion of degeneration {unknown}
Miscellaneous
 J - a phantom mirror


   Skills:
 - Level 10.0 Fighting
 - Level 3.3(8.4) Axes
 * Level 12.9(13.1) Maces & Flails
 - Level 1.7 Throwing
 * Level 9.7 Armour
 - Level 2.1 Dodging
 - Level 5.7 Shields
 + Level 3.3 Invocations


You had 11 spell levels left.
You didn't know any spells.
Your spell library contained the following spells:

 Spells                   Type           Power      Damage    Failure   Level
 Apportation              Tloc           0%         N/A       87%         1
 Kiss of Death            Conj/Necr      0%         2d5       87%         1
 Summon Small Mammal      Summ           0%         N/A       87%         1
 Momentum Strike          Conj/Tloc      0%         3d8       95%         2
 Wereblood                Tmut           0%         N/A       95%         2
 Call Canine Familiar     Summ           0%         N/A       99%         3
 Gell's Gravitas          Tloc           0%         N/A       99%         3
 Portal Projectile        Hex/Tloc       0%         N/A       99%         3
 Stone Arrow              Conj/Erth      0%         3d7       99%         3
 Summon Guardian Golem    Hex/Summ       0%         N/A       99%         3
 Teleport Other           Tloc           0%         N/A       99%         3
 Tukima's Dance           Hex            0%         N/A       99%         3
 Volatile Blastmotes      Fire/Tloc      0%         2d10      99%         3
 Animate Armour           Summ/Erth      0%         N/A       100%        4
 Fulminant Prism          Conj/Hex       0%         3d5       100%        4
 Iskenderun's Mystic Bla  Conj/Tloc      0%         2d3       100%        4
 Alistair's Intoxication  Tmut/Pois      0%         N/A       100%        5
 Irradiate                Conj/Tmut      0%         3d11      100%        5
 Conjure Ball Lightning   Conj/Air       0%         3x3d6     100%        6
 Dispersal                Tloc           0%         N/A       100%        6
 Lehudib's Crystal Spear  Conj/Erth      0%         10d2      100%        8


Dungeon Overview and Level Annotations

Branches:
Dungeon (11/15)            Temple (0/1) D:6            Lair (0/5) D:8
    Orc (0/2) D:9         Gauntlet (1/1)

Altars:
Ashenzari
Cheibriados
Kikubaaqudgha
Ru
Uskayaw
Yredelemnul
Zin

Shops:
D:1 *   D:2 :   D:5 :(   D:9 (

Annotations:
Gauntlet 15 transporters, 21 runed translucent doors


Innate Abilities, Weirdness & Mutations

You are completely covered in rugged brown scales. (AC +3, +7% HP)
Armour fits poorly on your strangely shaped body.
You have a long armoured tail.
You roll when moving toward enemies. (Rampage)
Your long tongue fully drains potion bottles. (2x potion effects)
Your tongue gives you trouble enunciating. (1.5x scroll delay)


Message History

The large abomination barely misses you.
You puncture the large abomination!
The large abomination is lightly damaged.
The large abomination barely misses you.
You hit the large abomination but do no damage.
The large abomination is lightly damaged.
The large abomination hits you!
You hit the large abomination but do no damage.
You tail-slap the large abomination!
The large abomination is moderately damaged.
The large abomination hits you!! The small abomination hits you.
You are too injured to fight recklessly!
The large abomination hits you!!
* * * LOW HITPOINT WARNING * * *
You feel better.
You slurp down every last drop of the potion of curing!
The large abomination hits you!
* * * LOW HITPOINT WARNING * * *
A red film seems to cover your vision as you go berserk!
You feel yourself moving faster!
You feel mighty!
You slurp down every last drop of the potion of berserk rage!
The large abomination hits you!!
* * * LOW HITPOINT WARNING * * *
You bludgeon the large abomination!!
Your tail-slap misses the large abomination.
The large abomination is almost destroyed.
You hit the large abomination.
You destroy the large abomination!
You thump the small abomination! You tail-slap the small abomination!
The small abomination is severely damaged.
The small abomination hits you but does no damage.
You bludgeon the small abomination!!
You destroy the small abomination!
You bludgeon the small abomination!!
You destroy the small abomination!
You roll towards the large abomination!
You bludgeon the large abomination!!
The large abomination is heavily damaged.
The large abomination hits you!!
You die...
Your body rises from the dead as a mindless zombie.

######################.##########
....©.......Z.Z#≈≈8§§#.#.........
######################.#.........
..#.©.#)Z#.#xX.......#.#..#######
#..#.#..##.#.#.....#.#.#..#8# #8#
.#..#..#.#.#..##.##.[#.#..### ###
..#...#..#.#..##.##..#.#..#
#..#.#..##.#.x#.X.#.©#©#..###
.#..#..#.#.#..##@##.(###..#8#
..#.©.#..#.#xX##.##..#....###
...#.#...#.#x#.....#.#....#
....#....#.#.........#..###
##########.###########..#8#
....©...................###
.......................≈#
###.∩.################### #...#
#8# #8# #8# #8#


You could see a large abomination, a small abomination and a friendly slime
creature zombie.

Vanquished Creatures
  A hydra (D:10)
  A death knight (D:10)
  3 two-headed ogres
  A large abomination (Gauntlet)
  Lodul (D:11)
  Pikel (D:6)
  An orc knight (D:10)
  A deep elf pyromancer (D:10)
  An ugly thing (D:11)
  A cyclops (D:10)
  2 gargoyles
  An unseen horror (D:11)
  2 efreet (D:10)
  2 slime creatures (Gauntlet)
  2 wraiths
  3 shadows
  9 yaks
  A wyvern (D:10)
  4 humans (D:9)
  A steam dragon (D:8)
  2 small abominations (Gauntlet)
  Grum (D:10)
  Edmund (D:6)
  2 acid dragons (D:8)
  A two-headed ogre zombie (D:9)
  4 water moccasins
  A sky beast (D:6)
  2 orc warriors
  3 black bears
  7 ogres (D:11)
  3 wolves (D:10)
  6 centaurs
  3 phantoms
  3 kobold brigands
  2 bullfrogs
  Blork the orc (D:6)
  5 scorpions
  6 wights
  2 troll zombies (D:9)
  9 killer bees
  A howler monkey (D:6)
  6 orc priests
  Crazy Yiuf (D:5)
  5 hounds
  2 sleepcaps
  A gnoll bouda (D:8)
  6 jellies
  Jessica (D:2)
  9 orc wizards
  Terence (D:2)
  6 iguanas
  5 ogre zombies (D:9)
  Robin (D:2)
  12 gnolls
  4 adders
  2 ufetubi
  2 worms
  5 dart slugs
  30 orcs
  4 bats
  9 endoplasms
  2 giant cockroaches
  14 goblins
  17 hobgoblins
  A jackal (D:5)
  11 kobolds
  2 quokkas
  7 ball pythons
  6 frilled lizards
  2 goblin skeletons (D:9)
  2 goblin zombies (D:9)
  A hobgoblin skeleton (D:9)
  3 hobgoblin zombies (D:9)
  An orc skeleton (D:9)
  13 orc zombies (D:9)
  4 rats
302 creatures vanquished.

Vanquished Creatures (collateral kills)
  A fire dragon (D:10)
  A centaur warrior (D:10)
  A wolf spider (D:10)
  3 yaks (D:10)
  A vampire mosquito (D:10)
  An acid dragon (D:10)
  A water moccasin (D:6)
  An orc warrior (D:10)
  2 ogres (D:11)
  A bullfrog (D:8)
  2 orcs
  2 jackals (D:5)
  2 kobolds (D:9)
  A hobgoblin skeleton (D:9)
  A hobgoblin zombie (D:9)
  An orc zombie (D:9)
22 creatures vanquished.

Vanquished Creatures (others)
  A hydra zombie (D:10)
  A human zombie (D:10)
  A spectral efreet (D:10)
  A vampire mosquito zombie (D:10)
  A wyvern zombie (D:10)
  A cyclops zombie (D:10)
  3 yak zombies (D:10)
  A wolf zombie (D:10)
  A bullfrog zombie (D:8)
  3 centaur zombies
  3 kobold zombies
  A black bear zombie (D:8)
  An orc wizard (D:8)
  2 scorpion zombies (D:6)
  5 killer bee zombies
  4 ogre zombies (D:11)
  An iguana zombie (D:7)
  A jelly zombie (D:5)
  6 gnoll zombies
  A ball python zombie (D:10)
  A giant cockroach zombie (D:10)
  A hobgoblin zombie (D:10)
  9 orc zombies
50 creatures vanquished.

Grand Total: 374 creatures vanquished

Notes
Turn   | Place    | Note
-------+----------+-------------------------------------------
     0 | D:1      | Shard1697 the Armataur Gladiator began the quest for the
                  | Orb.
     0 | D:1      | Reached XP level 1. HP: 18/18 MP: 1/1
   107 | D:1      | Reached XP level 2. HP: 23/25 MP: 2/2
   315 | D:1      | Found a faded altar of an unknown god.
   581 | D:1      | Found Ovoxzis's Assorted Antiques.
   828 | D:2      | Found Wiagh's Book Emporium.
   865 | D:2      | Reached XP level 3. HP: 31/31 MP: 3/3
   868 | D:2      | Noticed Robin
   886 | D:2      | Killed Robin
  1109 | D:2      | Reached XP level 4. HP: 40/40 MP: 4/4
  1270 | D:2      | Noticed Jessica
  1275 | D:2      | Killed Jessica
  1654 | D:3      | Noticed Terence
  1662 | D:2      | Killed Terence
  1663 | D:2      | Reached XP level 5. HP: 40/49 MP: 5/5
  2427 | D:3      | Reached skill level 5 in Fighting
  2903 | D:3      | Reached XP level 6. HP: 24/59 MP: 6/6
  3535 | D:4      | Reached XP level 7. HP: 68/68 MP: 7/7
  3793 | D:4      | Found a basalt altar of Yredelemnul.
  3793 | D:4      | Found a snail-covered altar of Cheibriados.
  3798 | D:4      | Found a hide-covered altar of Uskayaw.
  3890 | D:1      | Bought an ancient morningstar for 180 gold pieces
  3890 | D:1      | Identified the +5 morningstar "Momeask" {antimagic,
                  | *Corrode rN+ Str+4} (You bought it in a shop on level 1 of
                  | the Dungeon)
  4157 | D:4      | Became a worshipper of Yredelemnul the Dark
  4191 | D:5      | Entered Level 5 of the Dungeon
  4206 | D:5      | Reached skill level 1 in Maces & Flails
  4471 | D:5      | Found Zemiheoj's Book Emporium.
  4475 | D:5      | Reached skill level 2 in Maces & Flails
  4545 | D:5      | Reached skill level 3 in Maces & Flails
  4548 | D:5      | Identified the +0 pair of boots of the Lair of Beasts {rF+
                  | Str-4 Slay+3}
  4639 | D:5      | Found Hiyshrea's Weapon Boutique.
  4677 | D:5      | Reached * piety under Yredelemnul
  4765 | D:5      | Reached ** piety under Yredelemnul
  4766 | D:5      | Reached skill level 4 in Maces & Flails
  4930 | D:5      | Found an ancient bone altar of Kikubaaqudgha.
  5019 | D:5      | Found a runed translucent door.
  5020 | D:5      | Noticed Crazy Yiuf
  5025 | D:5      | Killed Crazy Yiuf
  5026 | D:5      | Reached XP level 8. HP: 72/75 MP: 2/8
  5104 | D:6      | Noticed Pikel
  5117 | D:6      | Killed Pikel
  5118 | D:6      | Reached skill level 6 in Maces & Flails
  5257 | D:6      | Identified the orb of Supple Strength {*channel, Drain
                  | rPois Slay+3}
  5358 | D:6      | Reached skill level 7 in Maces & Flails
  5431 | D:6      | Found a staircase to the Ecumenical Temple.
  5568 | D:6      | Your ally Pikel died
  5586 | D:6      | Reached XP level 9. HP: 64/83 MP: 3/9
  5598 | D:6      | Reached skill level 8 in Maces & Flails
  5677 | D:6      | Noticed Edmund
  5701 | D:6      | Killed Edmund
  6150 | D:6      | Noticed Blork the orc
  6155 | D:6      | Killed Blork the orc
  6932 | D:7      | Found a broken altar of Ashenzari.
  6933 | D:7      | Found a glowing silver altar of Zin.
  7119 | D:7      | Reached skill level 9 in Maces & Flails
  7750 | D:8      | Found a staircase to the Lair.
  7870 | D:8      | Reached XP level 10. HP: 90/96 MP: 3/10
  8421 | D:8      | Reached skill level 10 in Maces & Flails
  8666 | D:9      | Found a transporter.
  8666 | D:9      | Found Jugriss's Weapon Boutique.
  8951 | D:9      | Found a staircase to the Orcish Mines.
  8958 | D:9      | Noticed a two-headed ogre
  8994 | D:9      | Killed a two-headed ogre
  9327 | D:9      | Reached skill level 10 in Fighting
  9505 | D:9      | Reached skill level 1 in Armour
  9505 | D:9      | Reached skill level 1 in Shields
  9798 | D:9      | Reached *** piety under Yredelemnul
  9906 | D:9      | Found a transporter.
 10128 | D:10     | Entered Level 10 of the Dungeon
 10147 | D:10     | Found a sacrificial altar of Ru.
 10248 | D:10     | Reached skill level 11 in Maces & Flails
 10395 | D:10     | Noticed a cyclops
 10406 | D:10     | Killed a cyclops
 10588 | D:10     | Noticed a deep elf pyromancer
 10597 | D:10     | Killed a deep elf pyromancer
 10598 | D:10     | Reached XP level 11. HP: 96/105 MP: 3/11
 11124 | D:10     | Reached **** piety under Yredelemnul
 11138 | D:10     | Reached ***** piety under Yredelemnul
 11145 | D:10     | Reached skill level 5 in Armour
 11320 | D:10     | Noticed a four-headed hydra
 11321 | D:10     | Noticed a fire dragon
 11322 | D:10     | Noticed a death knight
 11322 | D:10     | Noticed an orc knight
 11322 | D:10     | Noticed a centaur warrior
 11322 | D:10     | Noticed a wolf spider
 11330 | D:10     | Killed a four-headed hydra
 11335 | D:10     | Killed a centaur warrior
 11336 | D:10     | Reached skill level 5 in Shields
 11344 | D:10     | Killed a fire dragon
 11937 | D:10     | Killed a death knight
 12114 | D:10     | Noticed Grum
 12118 | D:10     | Reached skill level 12 in Maces & Flails
 12124 | D:10     | Killed Grum
 12397 | D:10     | Got the Guidebook on Trauma
 12415 | D:10     | Identified the staff "Gonkudieri" {Fly rPois rCorr Str-5
                  | Dex+4 Conj}
 12436 | D:10     | Noticed a two-headed ogre
 12444 | D:10     | Killed a two-headed ogre
 12510 | D:10     | Reached skill level 1 in Invocations
 12723 | D:10     | Noticed a two-headed ogre
 12729 | D:10     | Killed a two-headed ogre
 12780 | D:10     | Killed an orc knight
 12785 | D:10     | Killed a wolf spider
 12786 | D:10     | Reached XP level 12. HP: 76/113 MP: 4/13
 13093 | D:11     | Noticed Lodul
 13109 | D:11     | Killed Lodul
 13110 | D:11     | Your ally Lodul died
 13400 | D:11     | Found an ancient bone altar of Kikubaaqudgha.
 13441 | D:11     | Found a gate leading to a gauntlet.
 13480 | Gauntlet | Entered a Gauntlet
 13480 | Gauntlet | Found a transporter.
 13498 | Gauntlet | Found a transporter.
 13513 | Gauntlet | Found a transporter.
 13520 | Gauntlet | Found a transporter.
 13535 | Gauntlet | Found a transporter.
 13537 | Gauntlet | Noticed a hell beast
 13555 | Gauntlet | Found a transporter.
 13567 | Gauntlet | Found a transporter.
 13579 | Gauntlet | Found a transporter.
 13587 | Gauntlet | Found a large runed translucent door.
 13588 | Gauntlet | Found a large runed translucent door.
 13588 | Gauntlet | Noticed a death scarab
 13589 | Gauntlet | Found a large runed translucent door.
 13589 | Gauntlet | Found a large runed translucent door.
 13590 | Gauntlet | Found a runed translucent gate.
 13591 | Gauntlet | Found a transporter.
 13591 | Gauntlet | Found a runed translucent gate.
 13591 | Gauntlet | Noticed a death scarab
 13592 | Gauntlet | Found a runed translucent gate.
 13593 | Gauntlet | Found a large runed translucent door.
 13593 | Gauntlet | Found a large runed translucent door.
 13594 | Gauntlet | Found a large runed translucent door.
 13595 | Gauntlet | Found a large runed translucent door.
 13606 | Gauntlet | Found a transporter.
 13621 | Gauntlet | Found a transporter.
 13635 | Gauntlet | Found a large runed translucent door.
 13636 | Gauntlet | Found a large runed translucent door.
 13637 | Gauntlet | Found a large runed translucent door.
 13637 | Gauntlet | Found a large runed translucent door.
 13638 | Gauntlet | Found a runed translucent door.
 13639 | Gauntlet | Found a transporter.
 13640 | Gauntlet | Found a runed translucent door.
 13641 | Gauntlet | Found a transporter.
 13641 | Gauntlet | Found a large runed translucent door.
 13641 | Gauntlet | Found a large runed translucent door.
 13642 | Gauntlet | Found a large runed translucent door.
 13670 | Gauntlet | Found a transporter.
 13672 | Gauntlet | Found a transporter.
 13672 | Gauntlet | Found a transporter.
 13700 | Gauntlet | Found a transporter.
 13702 | Gauntlet | Found a transporter.
 13811 | Gauntlet | Found a large runed translucent door.
 13832 | Gauntlet | Slain by a large abomination

Illustrated notes

Levels and vault maps discovered:
D:1:      dpeg_arrival_pond, layout_rooms, serial_shops,
          nicolae_shop_tiny_glass, chequers_ecumenical_altar_twisty,
          nicolae_concentric_dashed_squares_wild, minmay_misc_feat_doors,
          roderic_lattice_a, chequers_avenue, minivault_5, minmay_tromino_i4
D:2:      layout_loops_ring, serial_shops, shop, bh_walls_and_bars,
          uniq_jessica, uniq_robin
D:3:      layout_loops_corners, uniq_terence
D:4:      cheibrodos_helix_gallery, layout_rooms, minitemple,
          hangedman_decor_lopped
D:5:      layout_cave_pools, marbit_many_paths, serial_shops, shop,
          nicolae_book_shop_shelving, due_unseen_surprise,
          uniq_crazy_yiuf_cottage
D:6:      layout_loops_ring, minmay_temple_entry_tees, uniq_edmund,
          uniq_blork_the_orc, uniq_pikel
D:7:      layout_cave_pools, mainiacjoe_overflow_divided_tiny,
          hangedman_decor_push, chequers_hall_statues_y,
          nicolae_figureground_pulse
D:8:      layout_loops_ring, grunt_lair_entry_orc_guard_hut, st_stairs_3
D:9:      layout_roguey, zombieorc2_lemuel, serial_shops,
          nicolae_shop_drivethru, minmay_ruffians
D:10:     minmay_the_grid_octo_tiled_octocenter [minmay_the_grid_octo_horde,
          minmay_the_grid_octo_thin_diamonds,
          minmay_the_grid_octo_vomiting_pacman, minmay_the_grid_octo_77,
          minmay_the_grid_octo_prize_big_c,
          minmay_the_grid_square_5x5_two_walls_a,
          minmay_the_grid_square_5x5_two_walls_b,
          minmay_the_grid_square_5x5_bridge,
          minmay_the_grid_square_5x5_inverted_slash], layout_gridville,
          nicolae_ru_great_annihilating_truth, uniq_grum
D:11:     lemuel_castle_with_subvaults [lemuel_castle_interior_original],
          layout_stronghold, enter_trove_0, gauntlet_entry_generic,
          nicolae_kikubaaqudgha_miasma_corner, uniq_maurice, uniq_harold,
          uniq_lodul, uniq_gastronok
Gauntlet: gammafunk_gauntlet_one_two_three
          [gammafunk_gauntlet_arena_arrow_garden,
          gammafunk_gauntlet_arena_split_diamond, nicolae_gauntlet_arena_blocks,
          gammafunk_gauntlet_arena_mazey, nicolae_gauntlet_arena_x,
          nicolae_gauntlet_arena_quarters, gammafunk_gauntlet_arena_hedges,
          minmay_gauntlet_arena_make_your_own_arena,
          gammafunk_gauntlet_arena_spirals, gauntlet_exit_green]

Skill      XL: |  1  2  3  4  5  6  7  8  9 10 11 12 |
---------------+-------------------------------------+-----
Axes           | 3 |  3.3
Fighting       | 2 3 4 5 6 8 10 | 10.0
Maces & Flails | 4 7 9 11 12 | 12.9
Armour         | 3 8 9 |  9.7
Shields        | 3 5 |  5.7
Invocations    | 1 3 |  3.3
Throwing       | |  1.7
Dodging        | |  2.1

Action                     |  1- 3 |  4- 6 |  7- 9 | 10-12 || total
---------------------------+-------+-------+-------+-------++-------
  Melee: War axe           |    72 |    32 |       |       ||   104
         Tailslap          |     8 |    14 |    39 |    75 ||   136
         Flail             |       |   134 |    29 |       ||   163
         Morningstar       |       |       |   250 |   407 ||   657
  Evoke: Wand              |       |       |     2 |     3 ||     5
    Use: Scroll            |       |       |    18 |     3 ||    21
         Potion            |       |       |     4 |    10 ||    14
   Stab: Distracted        |       |       |     2 |     8 ||    10
         Invisible         |       |       |       |     5 ||     5
         Paralysed         |       |       |       |     1 ||     1
 Armour: Leather armour    |    29 |    30 |       |       ||    59
         Ring mail         |       |    37 |    95 |       ||   132
         Chain mail        |       |       |    21 |   113 ||   134
  Dodge: Dodged            |    39 |    69 |   124 |   108 ||   340
  Block: Buckler           |     8 |    32 |    56 |    74 ||   170

Table legend: (Time is in decaauts)
 A = Elapsed time spent in this place.
 B = Non-inter-level travel time spent in this place.
 C = Inter-level travel time spent in this place.
 D = Time resting spent in this place.
 E = Time spent auto-exploring this place.
 F = Levels seen in this place.
 G = Mean time per level.
                   A        B        C        D        E       F      G
               +--------+--------+--------+--------+--------+-----+--------+
         Total |  13942 |  13350 |    592 |   3353 |   7005 |  12 | 1161.8 |
       Dungeon |  13594 |  13002 |    592 |   3289 |   7005 |  11 | 1235.8 |
      Gauntlet |    347 |    347 |      0 |     64 |      0 |   1 |  347.0 |
               +--------+--------+--------+--------+--------+-----+--------+

Top non-repeatable levels by time:
    D:10: 2691 daAuts
     D:9: 1801 daAuts
     D:6: 1655 daAuts
     D:3: 1630 daAuts
     D:8: 1104 daAuts
     D:4: 1045 daAuts
     D:2: 970 daAuts
     D:1: 849 daAuts
     D:7: 755 daAuts
     D:5: 710 daAuts
    D:11: 379 daAuts
Gauntlet: 347 daAuts
